 Dungeon Crawl Stone Soup version 0.26-a0-778-g3fe0686644 (webtiles) character file.

Game seed: 17010181738074259317

26 robertstho the Chiller (level 3, -9/25 HPs)
             Began as a Gnoll Ice Elementalist on Nov 9, 2020.
             Mangled by Sigmund
             ... wielding a +0 scythe
              (16 damage)
             ... on level 2 of the Dungeon.
             The game lasted 00:01:18 (1279 turns).

robertstho the Chiller (Gnoll Ice Elementalist)     Turns: 1279, Time: 00:01:19

Health: -9/25      AC:  2    Str: 10    XL:     3   Next: 8%
Magic:  9/9        EV: 14    Int: 18    God:
Gold:   53         SH:  0    Dex: 15    Spells: 11/12 levels left

rFire    . . .     SeeInvis .   g - +0 hand axe (venom)
rCold    . . .     Faith    .   (no shield)
rNeg     . . .     Spirit   .   a - +0 robe
rPois    .         Reflect  .   (no helmet)
rElec    .         Harm     .   (no cloak)
rCorr    .         Rampage  .   (no gloves)
MR       .....                  (no boots)
Stlth    +++.......             (no amulet)
HPRegen  0.08/turn              (no ring)
MPRegen  0.11/turn              (no ring)

@: no status effects
A: distributed training, fangs 1, strong nose
a: no special abilities


You were on level 2 of the Dungeon.
You visited 1 branch of the dungeon, and saw 2 of its levels.

You collected 53 gold pieces.

Inventory:

Hand Weapons
 e - a +0 mace
 g - a +0 hand axe of venom (weapon)
Missiles
 b - a throwing net (quivered)
Armour
 a - a +0 robe (worn)
Jewellery
 j - an uncursed ring of protection from cold {unknown}
Scrolls
 c - 2 scrolls of remove curse {unknown}
 d - a scroll of enchant armour {unknown}
 f - a scroll of identify
 i - a scroll of teleportation {unknown}
 k - a scroll of magic mapping {unknown}
 l - a scroll of fog {unknown}
Potions
 h - a potion of invisibility


   Skills:
 + Level 0.6 Fighting
 + Level 0.6 Short Blades
 + Level 0.6 Long Blades
 + Level 0.6 Axes
 + Level 0.6 Maces & Flails
 + Level 0.6 Polearms
 + Level 0.6 Staves
 + Level 0.6 Slings
 + Level 0.6 Bows
 + Level 0.6 Crossbows
 + Level 0.6 Throwing
 + Level 0.6 Armour
 + Level 4.5 Dodging
 + Level 4.1 Stealth
 + Level 0.6 Shields
 + Level 0.6 Unarmed Combat
 + Level 5.0 Spellcasting
 + Level 0.4 Conjurations
 + Level 0.4 Hexes
 + Level 0.4 Summonings
 + Level 0.4 Necromancy
 + Level 0.4 Translocations
 + Level 0.4 Transmutations
 + Level 0.4 Fire Magic
 + Level 7.1 Ice Magic
 + Level 0.4 Air Magic
 + Level 0.4 Earth Magic
 + Level 0.4 Poison Magic
 + Level 0.8 Invocations
 + Level 0.6 Evocations


You had 11 spell levels left.
You knew the following spells:

 Your Spells              Type           Power        Failure   Level
a - Freeze                Ice            ####         1%          1

Your spell library contained the following spells:

 Spells                   Type           Power        Failure   Level
 Frozen Ramparts          Ice            ####..       2%          3
 Ozocubu's Armour         Ice            ####....     2%          3
 Hailstorm                Conj/Ice       ###.....     28%         4
 Summon Ice Beast         Ice/Summ       ###.....     28%         4


Dungeon Overview and Level Annotations

Branches:
Dungeon (2/15)

Altars:

Annotations:
D:2 Sigmund


Innate Abilities, Weirdness & Mutations

Your experience applies equally to all skills.
You have very sharp teeth.
Your uncanny sense of smell can sniff out nearby items.


Message History

You barely miss the rat. The rat barely misses you.
Sigmund gestures wildly while chanting.
Sigmund flickers and vanishes!
Deactivating autopickup; reactivate with Ctrl-A.
The rat barely misses you.
You bump into the rock wall.
Something barely misses you. The rat bites you.
You bump into the rock wall.
You feel less confused. Something hits you. The rat bites you.
Casting: Freeze (safe; 1% risk of failure)
Confirm with . or Enter, or press ? or * to list all spells.
You don't know that spell.
As you read the scroll labeled BEUCLAC ZEATORPH, it crumbles to dust.
It is a scroll of identify.
h - a potion of invisibility The rat bites you.
* * * LOW HITPOINT WARNING * * *
Something hits you!
Ouch! That really hurt!
You die...

...####.#
#.#..#
#.#
#..#.#
####.####
#.#.# #
#....<..#
#.#.##.#
∆
#.......#
#......#
#.......#
###.####
#.......#
#{#
#.......#
#r#
#.......#
#@#
#[......#
#.#
#########
#.# #.#
#.# #.#
#.# #.#


You could see a rat.

Vanquished Creatures
  An ooze (D:1)
  A giant cockroach (D:1)
  2 goblins (D:1)
  6 hobgoblins
  2 bats (D:1)
  5 frilled lizards (D:1)
  A kobold (D:1)
  5 rats (D:1)
23 creatures vanquished.

Notes
Turn   | Place    | Note
-------+----------+-------------------------------------------
     0 | D:1      | robertstho the Gnoll Ice Elementalist began the quest for
                  | the Orb.
     0 | D:1      | Reached XP level 1. HP: 13/13 MP: 6/6
   267 | D:1      | Reached XP level 2. HP: 13/20 MP: 7/7
  1005 | D:1      | Reached XP level 3. HP: 22/25 MP: 9/9
  1250 | D:2      | Reached skill level 5 in Spellcasting
  1265 | D:2      | Noticed Sigmund
  1279 | D:2      | Mangled by Sigmund

Illustrated notes

Levels and vault maps discovered:
D:1:      nzn_arrival_crosshair, layout_loops_corners, serial_park_tiny_pond
D:2:      wander_river, layout_loops_cross, uniq_sigmund

Skill      XL: |  1  2  3 |
---------------+----------+-----
Spellcasting   | 5 |  5.0
Fighting       | |  0.6
Short Blades   | |  0.6
Long Blades    | |  0.6
Axes           | |  0.6
Maces & Flails | |  0.6
Polearms       | |  0.6
Staves         | |  0.6
Slings         | |  0.6
Bows           | |  0.6
Crossbows      | |  0.6
Throwing       | |  0.6
Armour         | |  0.6
Dodging        | |  4.5
Stealth        | |  4.1
Shields        | |  0.6
Unarmed Combat | |  0.6
Conjurations   | |  0.4
Hexes          | |  0.4
Summonings     | |  0.4
Necromancy     | |  0.4
Translocations | |  0.4
Transmutations | |  0.4
Fire Magic     | |  0.4
Ice Magic      | |  7.1
Air Magic      | |  0.4
Earth Magic    | |  0.4
Poison Magic   | |  0.4
Invocations    | |  0.8
Evocations     | |  0.6

Action                   || total
-------------------------++-------
Melee: Unarmed           ||    15
       Mace              ||    13
       Bite              ||     3
       Hand axe          ||    32
 Cast: Freeze            ||     2
  Use: Scroll            ||     1
 Stab: Sleeping          ||     9
Armor: Robe              ||    11
Dodge: Dodged            ||    45

Table legend: (Time is in decaauts)
 A = Elapsed time spent in this place.
 B = Non-inter-level travel time spent in this place.
 C = Inter-level travel time spent in this place.
 D = Time resting spent in this place.
 E = Time spent auto-exploring this place.
 F = Levels seen in this place.
 G = Mean time per level.
                   A        B        C        D        E       F      G
               +--------+--------+--------+--------+--------+-----+--------+
         Total |   1291 |   1238 |     53 |      0 |   1039 |   2 |  645.5 |
       Dungeon |   1291 |   1238 |     53 |      0 |   1039 |   2 |  645.5 |
               +--------+--------+--------+--------+--------+-----+--------+

Top non-repeatable levels by time:
     D:1: 1258 daAuts
     D:2: 33 daAuts
